 Dungeon Sprint DCSS version 0.20.1-1-g8b1a95d (webtiles) character file.

6 potatolord6000 the Chopper (level 1, -5/20 HPs)
             Began as a Hill Orc Monk on Sept 7, 2017.
             Was a Believer of Beogh.
             Slain by a worker ant (7 damage)
             ... while paralysed by a floating eye
             ... in the Dungeon (Sprint VII: "The Pits").
             The game lasted 00:01:21 (106 turns).

potatolord6000 the Chopper (Hill Orc Monk)           Turns: 106, Time: 00:01:21

Health: -5/20      AC:  2    Str: 13    XL:     1   Next: 90%
Magic:  1/1        EV:  2    Int: 10    God:    Beogh [**....]
Gold:   0          SH:  0    Dex: 13    Spells: 0/0 levels left

rFire    . . .     SeeInvis .   j - +2 hand axe
rCold    . . .     Gourm    .   (no shield)
rNeg     . . .     Faith    .   b - +0 robe
rPois    .         Spirit   .   (no helmet)
rElec    .         Reflect  .   (no cloak)
rCorr    .         Harm     .   (no gloves)
MR       .....     NoTele   +   (no boots)
Stlth    ++........             (no amulet)
Regen    0.1/turn               (no ring)
MPRegen  0.1/turn               (no ring)

@: paralysed, lethally poisoned (-5 -> -11), very slightly contaminated, hasted,
invisible
A: no striking features
a: Smiting, Renounce Religion


You were in the Dungeon.
You worshipped Beogh.
Beogh was pleased with you.
You were not hungry.

You visited 1 branch

Inventory:

Hand Weapons
 j - a +2 hand axe (weapon)
Armour
 b - a +0 robe (worn)
Scrolls
 i - a scroll of blinking
 k - 3 scrolls of remove curse
 l - 5 scrolls of amnesia
 m - a scroll of summoning
Potions
 a - a potion of invisibility
 e - a potion of heal wounds
 g - 4 potions of magic
 h - 3 potions of berserk rage
Comestibles
 c - 8 bread rations
 n - 40 fruits
 o - 7 meat rations


   Skills:
 + Level 4.1 Fighting
 + Level 4.7 Axes
 + Level 1.8 Armour
 + Level 2.7 Dodging
 - Level 1.5 Stealth
 + Level 0.0 Invocations


You couldn't memorise any spells.
You didn't know any spells.

Dungeon Overview and Level Annotations

Branches:
Dungeon (1/1)

Altars:
Ashenzari
Cheibriados
Dithmenos
Elyvilon
Fedhas
Gozag
Hepliaklqana
Kikubaaqudgha
Makhleb
Nemelex Xobeh
Okawaru
Qazlal
Ru
Sif Muna
Trog
Uskayaw
Vehumet
Xom
Yredelemnul
Zin
The Shining One
Beogh
Jiyva
Lugonu


Message History

You slash the worker ant!
The worker ant is heavily wounded.
The worker ant bites you but does no damage.
The floating eye gazes piercingly through you!
You suddenly lose the ability to move!
The worker ant bites you.
* * * LOW HITPOINT WARNING * * *
The floating eye seems to glare at you. The worker ant bites you.
* * * LOW HITPOINT WARNING * * *
You are lethally poisoned!
The worker ant poisons you!
The floating eye gazes piercingly through you!
You shrug off the repeated paralysis!
* * * LOW HITPOINT WARNING * * *
You feel sick. The worker ant bites you.
* * * LOW HITPOINT WARNING * * *
The floating eye's stare focuses on you.
The worker ant bites you!
You die...

#_________.#
#__.____...###########++
##########'##...........
#.?(.')))'.##......#..#.
##########†##...........
#.........†.'...........
#+#####'#####......#..#.
#.†#..##...........
+.@aG.#####'#####++
####+###.......#
#.......# #.......#
#...<...# #.......#
#.......# #.......#
#########


You could see a floating eye and a worker ant.

Vanquished Creatures
  A leopard gecko (D)
  3 jackals (D)
4 creatures vanquished.

Notes
Turn   | Place    | Note
-------+----------+-------------------------------------------
     0 | D        | potatolord6000 the Hill Orc Monk began the quest for the Orb.
     0 | D        | Reached XP level 1. HP: 19/19 MP: 1/1
    19 | D        | Reached skill level 1 in Armour
    58 | D        | Found a bloodstained altar of Trog.
    58 | D        | Found a deep blue altar of Sif Muna.
    58 | D        | Found a viscous altar of Jiyva.
    58 | D        | Found a hazy altar of Hepliaklqana.
    58 | D        | Found an opulent altar of Gozag.
    59 | D        | Found a glowing golden altar of the Shining One.
    59 | D        | Found a glowing silver altar of Zin.
    59 | D        | Found a basalt altar of Yredelemnul.
    59 | D        | Found a shimmering altar of Xom.
    59 | D        | Found a sacrificial altar of Ru.
    59 | D        | Found a stormy altar of Qazlal.
    59 | D        | Found an iron altar of Okawaru.
    59 | D        | Found a sparkling altar of Nemelex Xobeh.
    59 | D        | Found a burning altar of Makhleb.
    59 | D        | Found a blossoming altar of Fedhas.
    59 | D        | Found a white marble altar of Elyvilon.
    59 | D        | Found a shadowy altar of Dithmenos.
    59 | D        | Found a snail-covered altar of Cheibriados.
    61 | D        | Found a radiant altar of Vehumet.
    61 | D        | Found a corrupted altar of Lugonu.
    61 | D        | Found a roughly hewn altar of Beogh.
    63 | D        | Found an ancient bone altar of Kikubaaqudgha.
    63 | D        | Found a hide-covered altar of Uskayaw.
    63 | D        | Found a shattered altar of Ashenzari.
    71 | D        | Became a worshipper of Beogh the Brigand
    71 | D        | Reached * piety under Beogh
    71 | D        | Reached ** piety under Beogh
    94 | D        | Noticed a floating eye
    94 | D        | Noticed a worker ant
   103 | D        | Paralysed by a floating eye for 3 turns
   106 | D        | Slain by a worker ant

Skill      XL: |  1 |
---------------+----+-----
Armour         | 1 |  1.8
Fighting       | 4 |  4.1
Axes           | |  4.7
Dodging        | |  2.7
Stealth        | |  1.5

Action                   || total
-------------------------++-------
Melee: Hand axe          ||    18
  Use: Potion            ||     3
Armor: Robe              ||     4
Dodge: Dodged            ||    20
